 Dungeon Crawl Stone Soup version 0.31-a0-115-g4708a659fe (webtiles) character file.

Game seed: 12004671050036798606

32 hikkokomori the Conjurer (level 2, -10/23 HPs)
             Began as a Demigod Conjurer on May 30, 2023.
             Mangled by an iguana (12 damage)
             ... on level 2 of the Dungeon.
             The game lasted 00:03:48 (1177 turns).

hikkokomori the Conjurer (Demigod Conjurer)         Turns: 1177, Time: 00:03:49

Health: -10/23     AC:  2    Str:  8    XL:     2   Next: 93%
Magic:  1/7        EV: 12    Int: 20    God:
Gold:   158        SH:  0    Dex: 12    Spells: 1/4 levels left

rFire   . . .        b - +0 dagger
rCold   . . .        (no shield)
rNeg    . . .        a - +0 robe
rPois   .            (no helmet)
rElec   .            (no cloak)
rCorr   .            (no gloves)
SInv    .            (no boots)
Will    .....        (no amulet)
Stlth   ++           (no ring)
HPRegen 0.23/turn    (no ring)
MPRegen 0.10/turn

%: no passive effects
@: no status effects
A: high MP 1, forlorn, divine attributes
a: no special abilities


You were on level 2 of the Dungeon.
You visited 1 branch of the dungeon, and saw 2 of its levels.

You collected 158 gold pieces.

Inventory:

Hand Weapons
 b - a +0 dagger (weapon)
Armour
 a - a +0 robe (worn)
Scrolls
 e - a scroll of fear {unknown}
 g - a scroll of identify {unknown}
Potions
 c - a potion of lignification {unknown}
 d - a potion of mutation {unknown}
 f - a potion of curing {unknown}


   Skills:
 + Level 1.2 Fighting
 - Level 1.7 Dodging
 + Level 2.3 Stealth
 + Level 1.9 Spellcasting
 + Level 3.9 Conjurations


You had one spell level left.
You knew the following spells:

 Your Spells              Type           Power      Damage    Failure   Level
a - Magic Dart            Conj           68%        1d6       3%          1
b - Searing Ray           Conj           34%        2d5       4%          2

Your spell library contained the following spells:

 Spells                   Type           Power      Damage    Failure   Level
 Dazzling Flash           Conj/Hex       18%        N/A       22%         3
 Ozocubu's Armour         Ice            1%         N/A       43%         3
 Fulminant Prism          Conj/Hex       4%         3d5       56%         4
 Iskenderun's Mystic Bla  Conj/Tloc      9%         2d4       56%         4
 Ozocubu's Refrigeration  Ice            0%         4d7       100%        7


Dungeon Overview and Level Annotations

Branches:
Dungeon (2/15)


Innate Abilities, Weirdness & Mutations

You have an increased reservoir of magic. (+10% MP)
You shall have no god before yourself.
Your divine heritage dramatically boosts your attributes as you level up.


Message History

The goblin is moderately wounded.
The magic dart hits the goblin.
You kill the goblin!
You can't see any susceptible monsters within range! (Use Z to cast anyway.) Magic restored.
You now have 141 gold pieces (gained 9).
You now have 158 gold pieces (gained 17).
An iguana comes into view.
An iguana is nearby!
An iguana is nearby!
An iguana is nearby!
A goblin comes into view. It is wielding a +0 club.
The magic dart hits the iguana but does no damage.
The magic dart hits the iguana but does no damage.
The magic dart hits the iguana but does no damage.
Found a book of Frost.
The iguana barely misses you.
You open the door. The iguana bites you!
Ouch! That really hurt!
There is an open door here.
Okay, then.
Casting: Magic Dart (safe; 3% risk of failure)
Confirm with . or Enter, or press ? or * to list all spells.
Aiming: Searing Ray (safe; 4% risk of failure)
Press: ? - help, Shift-Dir - straight line, f/p - iguana
Aim: an iguana (81% to hit)
The searing ray misses the iguana. (Press . to maintain the ray.)
The iguana closely misses you.
Unknown command.
The searing ray hits the iguana.
The iguana is moderately wounded.
The iguana bites you!
* * * LOW HITPOINT WARNING * * *
Unknown command.
The searing ray hits the iguana.
The iguana is heavily wounded.
The iguana bites you!
Ouch! That really hurt!
You die...

#......#......).#
+..$...#........#
#...............#
#...............#
#...............# .....
##..............# ....
##..............###### ...
#..........g##.........# #..
#...........l@.........#####..
#..........###.........##.^...
#..........# #..........#.....
#..........# #..........#.....
######.....# #..............#.
.......# #.........##..##.
........# #.........###..#.
:...##### #.........# ##...
########### #>..


You could see an iguana and a goblin.

Vanquished Creatures
  A dart slug (D:1)
  2 ball pythons
  4 bats
  An endoplasm (D:1)
  A giant cockroach (D:1)
  A hobgoblin (D:1)
  4 jackals (D:1)
  2 quokkas (D:1)
  4 frilled lizards (D:1)
  5 goblins
  A kobold (D:1)
  A rat (D:1)
27 creatures vanquished.

Notes
Turn   | Place    | Note
-------+----------+-------------------------------------------
     0 | D:1      | hikkokomori the Demigod Conjurer began the quest for the
                  | Orb.
     0 | D:1      | Reached XP level 1. HP: 14/14 MP: 5/5
   271 | D:1      | Reached XP level 2. HP: 19/22 MP: 7/7
   284 | D:1      | Reached skill level 1 in Fighting
   316 | D:1      | Learned a level 2 spell: Searing Ray
  1177 | D:2      | Mangled by an iguana

Illustrated notes

Levels and vault maps discovered:
D:1:      lightli_iron_boxes, layout_basic, shapermc_ecumenical_altar_venn
D:2:      layout_basic

Skill      XL: |  1  2 |
---------------+-------+-----
Stealth        | 2 |  2.3
Fighting       | 1 |  1.2
Dodging        | |  1.7
Spellcasting   | |  1.9
Conjurations   | |  3.9

Action                     || total
---------------------------++-------
  Melee: Dagger            ||    34
   Cast: Magic Dart        ||    44
         Searing Ray       ||     1
    Use: Potion            ||     1
   Stab: Sleeping          ||     1
 Armour: Robe              ||    12
  Dodge: Dodged            ||    33

Table legend: (Time is in decaauts)
 A = Elapsed time spent in this place.
 B = Non-inter-level travel time spent in this place.
 C = Inter-level travel time spent in this place.
 D = Time resting spent in this place.
 E = Time spent auto-exploring this place.
 F = Levels seen in this place.
 G = Mean time per level.
                   A        B        C        D        E       F      G
               +--------+--------+--------+--------+--------+-----+--------+
         Total |   1176 |   1146 |     30 |     40 |    931 |   2 |  588.0 |
       Dungeon |   1176 |   1146 |     30 |     40 |    931 |   2 |  588.0 |
               +--------+--------+--------+--------+--------+-----+--------+

Top non-repeatable levels by time:
     D:1: 1023 daAuts
     D:2: 152 daAuts
